 Dungeon Crawl Stone Soup version 0.27.1-3-gb3d3a73c9e (webtiles) character file.

Game seed: 3500565947918554448

37 horus123 the Grave Robber (level 3, 0/19 HPs)
             Began as a Deep Elf Necromancer on Oct 13, 2021.
             Slain by a goblin (1 damage)
             ... led by Robin
             ... on level 2 of the Dungeon.
             The game lasted 00:02:55 (1490 turns).

horus123 the Grave Robber (Deep Elf Necromancer)    Turns: 1490, Time: 00:02:56

Health: 0/19       AC:  3    Str:  5    XL:     3   Next: 21%
Magic:  7/10       EV: 12    Int: 26    God:
Gold:   51         SH:  0    Dex: 15    Spells: 4/9 levels left

rFire    x . .     SeeInvis .   i - staff of air
rCold    + . .     Faith    .   (no shield)
rNeg     . . .     Spirit   .   a - +0 robe
rPois    .         Reflect  .   (no helmet)
rElec    +         Harm     .   d - +0 cloak
rCorr    .         Rampage  .   (no gloves)
Will     .....                  (no boots)
Stlth    ++........             h - amulet of the acrobat
HPRegen  0.06/turn              c - +6 ring of intelligence
MPRegen  0.12/turn              l - ring of ice

@: no status effects
A: no striking features
a: no special abilities


You were on level 2 of the Dungeon.
You visited 1 branch of the dungeon, and saw 2 of its levels.

You collected 51 gold pieces.

Inventory:

Armour
 a - a +0 robe (worn)
 d - a +0 cloak (worn)
Magical Staves
 i - a staff of air (weapon)
Jewellery
 c - a +6 ring of intelligence (left hand)
 h - an amulet of the acrobat (around neck)
 l - a ring of ice (right hand)
Scrolls
 j - a scroll of amnesia
Potions
 b - a potion of ambrosia {unknown}
 e - a potion of invisibility
 f - a potion of berserk rage {unknown}
 g - a potion of degeneration {unknown}


   Skills:
 + Level 2.6 Dodging
 + Level 2.4 Stealth
 + Level 3.6 Spellcasting
 + Level 5.7 Necromancy


You had 4 spell levels left.
You knew the following spells:

 Your Spells              Type           Power      Damage    Failure   Level
a - Pain                  Necr           100%       1d9       1%          1
b - Animate Skeleton      Necr           68%        N/A       1%          1
c - Vampiric Draining     Necr           17%        2d8       2%          3

Your spell library contained the following spells:

 Spells                   Type           Power      Damage    Failure   Level
 Animate Dead             Necr           17%        N/A       9%          4
 Agony                    Necr           34%        N/A       24%         5


Dungeon Overview and Level Annotations

Branches:
Dungeon (2/15)

Altars:

Annotations:
D:2 Robin


Message History

The jackal writhes in agony.
The jackal bites you but does no damage.
The jackal writhes in agony!
You kill the jackal!
The kobold writhes in agony.
You kill the kobold!
A goblin comes into view. It is wielding a +0 dagger.
Robin of the Strong Arm comes into view.
They are wielding a +0 whip.
Robin shouts!
You hear a shout!
Robin roars a battlecry!
A goblin comes into view. It is wielding a +0 dagger. x2
You hear a shout! 2 goblins come into view.
The goblin shouts!
Robin throws the goblin at you!
The goblin writhes in agony.
You kill the goblin!
A goblin comes into view. It is wielding a +0 dagger.
A goblin comes into view. It is wielding a +0 club.
A hobgoblin comes into view.
Robin throws the goblin at you! The goblin misses you.
Things that are here:
a +0 dagger; a goblin corpse The goblin shouts!
Robin throws the goblin at you! The goblin hits you with a +0 dagger.
* * * LOW HITPOINT WARNING * * *
2 goblins come into view.
The goblin shouts!
A goblin comes into view. It is wielding a +0 dagger.
The goblin unwields a +0 dagger.
The goblin wields a +0 hunting sling.
The goblin shoots a stone.
The stone closely misses you.
The stone closely misses the goblin.
The goblin barely misses you.
The goblin shouts! x2
The goblin shoots a stone.
The stone completely misses you.
The stone hits the goblin.
There is an escape hatch in the ceiling here.
The goblin hits you with a +0 dagger.
* * * LOW HITPOINT WARNING * * *
The goblin hits you with a +0 dagger.
You die...

. .................+.
... .....#..........##
...## ...............##
...... #.....##.#.....##
..g.. .)...##.#.....+. .
#.g###†...##.#.....##
...#ggg.)..#+##.......##
....ggggg..............#
....##.@g..............#
... #.....>...........#
# ....#####'####.....##
#....#####.# #.....##
#....+.....####.....##
......####.............
...##...................
...+..#####.######....##
###.#### #....##


You could see Robin, a hobgoblin (strong) and 9 goblins.

Vanquished Creatures
  2 dart slugs (D:1)
  3 endoplasms
  A giant cockroach (D:1)
  2 goblins
  A hobgoblin (D:2)
  5 jackals
  7 ball pythons
  A bat (D:1)
  3 frilled lizards
  2 kobolds
  2 rats (D:1)
29 creatures vanquished.

Vanquished Creatures (others)
  A plant (D:2)
1 creature vanquished.

Grand Total: 30 creatures vanquished

Notes
Turn   | Place    | Note
-------+----------+-------------------------------------------
     0 | D:1      | horus123 the Deep Elf Necromancer began the quest for the
                  | Orb.
     0 | D:1      | Reached XP level 1. HP: 10/10 MP: 6/6
    48 | D:1      | Reached skill level 5 in Necromancy
   325 | D:1      | Reached XP level 2. HP: 13/15 MP: 5/8
   327 | D:1      | Learned a level 1 spell: Animate Skeleton
  1295 | D:2      | Reached XP level 3. HP: 18/19 MP: 8/10
  1299 | D:2      | Learned a level 3 spell: Vampiric Draining
  1370 | D:2      | Found a faded altar of an unknown god.
  1483 | D:2      | Noticed Robin
  1490 | D:2      | Slain by a goblin

Illustrated notes

Levels and vault maps discovered:
D:1:      lightli_arrival_farm, layout_rooms, st_stairs_9
D:2:      layout_basic, dreamdust_ecumenical_altar_hidden_monk_grotto,
          uniq_robin, uniq_terence

Skill      XL: |  1 |
---------------+----+-----
Necromancy     | 5 |  5.7
Dodging        | |  2.6
Stealth        | |  2.4
Spellcasting   | |  3.6

Action                   || total
-------------------------++-------
Melee: Staff             ||     2
 Cast: Pain              ||    41
  Use: Scroll            ||     4
Armor: Robe              ||     3
Dodge: Dodged            ||    12
